 Dungeon Crawl Stone Soup version 0.17-a0-2144-gd7f430c (webtiles) character file.

1688230 ShouldBeStudying the Conqueror (level 27, 231/249 HPs)
             Began as a Demonspawn Wanderer on Oct 22, 2015.
             Was the Champion of Okawaru.
             Escaped with the Orb
             ... and 3 runes on Oct 24, 2015!
             The game lasted 03:32:57 (75817 turns).

ShouldBeStudying the Conqueror (DsWn)              Turns: 75817, Time: 03:32:57

Health: 231/249    AC: 45    Str: 23    XL:     27
Magic:  27/27      EV:  7    Int: 16    God:    Okawaru [******]
Gold:   6273       SH:  0    Dex: 19    Spells: 0 memorised, 26 levels left

rFire  + + .     SeeInvis +     T - +9 executioner's axe (elec)
rCold  + + .     Clarity  .     O - +9 armour of the Dragon King {rPois rF+ rC+ MR+}
rNeg   + + .     SustAt   .     (no shield)
rPois  +         Gourm    .     j - +0 hat "Daubuf" {rN+ Int+3 Dex+3}
rElec  .         Spirit   +     Y - +2 cloak {MR+}
rCorr  .         Warding  .     A - +2 pair of gloves {rC+}
rMut   +         Stasis   .     (boots unavailable)
MR     ++++.                    h - amulet of resist mutation
Stlth  ..........               r - +3 ring of slaying
                                u - ring "Kihulao" {+Blink rF+ SInv Stlth-}

@: flying, incredibly resistant to hostile enchantments, extremely unstealthy
A: hooves 3, iridescent scales 3, deformed body, negative energy resistance 1,
spiny 3, 50% torment resistance, magic shield, magic regeneration, magic link,
black mark
a: Heroism, Finesse, Renounce Religion, Evoke Blink
0: Orb of Zot
}: 3/15 runes: serpentine, barnacled, abyssal


You escaped.
You worshipped Okawaru.
Okawaru was exalted by your worship.
You were not hungry.

You visited 11 branches of the dungeon, and saw 56 of its levels.
You visited the Abyss 6 times.
You visited 1 bazaar.
You also visited: Ossuary and Ice Cave.

You collected 9455 gold pieces.
You spent 3182 gold pieces at shops.

Inventory:

Hand Weapons
 T - a +9 executioner's axe of electrocution (weapon)
Missiles
 a - 7 javelins of penetration (quivered)
Armour
 j - the +0 hat "Daubuf" (worn) {rN+ Int+3 Dex+3}
   (Okawaru gifted it to you on level 1 of the Depths)

   It affects your intelligence (+3).
   It affects your dexterity (+3).
   It protects you from negative energy.
 A - a +2 pair of gloves of cold resistance (worn)
 O - the +9 armour of the Dragon King (worn) {rPois rF+ rC+ MR+}
   (You bought it in a shop on level 4 of the Orcish Mines)

   It protects you from fire.
   It protects you from cold.
   It protects you from poison.
   It affects your resistance to hostile enchantments.
 Y - a +2 cloak of magic resistance (worn)
Rods
 y - a +4 rod of destruction (10/10)
   (You took it off a deep elf high priest on level 3 of the Elven Halls)
 S - a +2 rod of ignition (12/12)
   (You took it off a deep elf death mage on level 3 of the Elven Halls)
Jewellery
 c - the amulet "Sojymm" {Ward rPois rN+ MR+ Stlth+}
   (You took it off a frost giant on level 4 of the Depths)

   [amulet of warding]

   It may prevent the melee attacks of summoned creatures.
   It protects you from poison.
   It protects you from negative energy.
   It affects your resistance to hostile enchantments.
   It makes you more stealthy.
 d - an uncursed ring of protection from fire
 h - an amulet of resist mutation (around neck)
 k - an uncursed amulet of clarity
 r - a +3 ring of slaying (right hand)
 u - the ring "Kihulao" (left hand) {+Blink rF+ SInv Stlth-}
   (You acquired it on level 6 of the Lair of Beasts)

   [ring of protection from fire]

   It protects you from fire.
   It lets you see invisible.
   It lets you blink.
   It makes you less stealthy.
 K - the ring of the Wild Haggis {rPois rN++ Str+5 Int-5}
   (You found it on level 3 of the Depths)

   [ring of poison resistance]

   It affects your strength (+5).
   It affects your intelligence (-5).
   It protects you from poison.
   It greatly protects you from negative energy.
 V - an uncursed ring of protection from cold
Wands
 p - a wand of digging (1)
 z - a wand of teleportation (1)
 P - a wand of disintegration (5)
 X - a wand of teleportation (4)
 Z - a wand of confusion (33)
Scrolls
 b - 10 scrolls of teleportation
 e - 6 scrolls of fear
 f - 13 scrolls of recharging
 i - 26 scrolls of identify
 t - 2 scrolls of fog
 x - 19 scrolls of remove curse
 C - a scroll of enchant armour
 E - a scroll of enchant weapon
 F - 4 scrolls of summoning
 I - a scroll of blinking
 J - 2 scrolls of silence
 Q - 5 scrolls of magic mapping
 W - a scroll of brand weapon
Potions
 l - 4 potions of magic
 m - a potion of cancellation
 n - 4 potions of flight
 o - 4 potions of agility
 q - a potion of curing
 B - 4 potions of haste
 L - a potion of berserk rage
 M - a potion of invisibility
 R - 4 potions of might
 U - 2 potions of cure mutation
Miscellaneous
 w - a phantom mirror
 N - a lamp of fire
Comestibles
 g - 20 beef jerkies
 s - a meat ration
 v - 20 royal jellies
 D - 18 slices of pizza
 G - 38 fruits
 H - 14 bread rations


   Skills:
 O Level 27 Fighting
 - Level 26.8 Axes
   Level 1.0(18.6) Polearms
 - Level 1.0 Throwing
 + Level 26.0 Armour
 - Level 1.0 Stealth
 - Level 6.4 Invocations
 - Level 1.0 Evocations


You had 26 spell levels left.
You didn't know any spells.

Dungeon Overview and Level Annotations

Branches:
Dungeon (15/15)            Temple (1/1) D:4            Lair (8/8) D:9
 Shoals (4/4) Lair:5        Snake (4/4) Lair:5        Slime (0/6) Lair:6
    Orc (4/4) D:10            Elf (3/3) Orc:4        Vaults (4/5) D:13
  Crypt (3/3) Vaults:2       Tomb (0/3) Crypt:3      Depths (5/5) D:15
    Zot (5/5) Depths:5

Altars:
Ashenzari
Cheibriados
Dithmenos
Elyvilon
Fedhas
Gozag
Kikubaaqudgha
Okawaru
Qazlal
Ru
Sif Muna
Trog
Vehumet
Xom
Yredelemnul
Zin
The Shining One
Beogh

Shops:
D:11 !   D:12 ?   D:13 (   Orc:2 [   Orc:4 *[=(   Elf:2 =   Vaults:4 ?

Portals:
Hell: Depths:1 Depths:2 Depths:3 Depths:4
Abyss: Depths:4
Pandemonium: Depths:1 Depths:3
Ziggurat: Depths:4
Trove: Depths:2 (give 8 potions of haste)

Annotations:
Lair:6 exclusion: 2 oklob plants
Elf:2 3 runed doors


Innate Abilities, Weirdness & Mutations

You have hooves in place of feet.
You are completely covered in iridescent scales (AC +8).
You resist negative energy.
You are completely covered in sharp spines.
You are somewhat able to resist unholy torments (1 in 2 success).
When hurt, damage is shared between your health and your magic reserves.
You regenerate magic rapidly.
When low on magic, you restore magic in place of health.
Your melee attacks may debilitate your foes.
Armour fits poorly on your strangely shaped body.


Message History

The Shadow Fiend is heavily wounded.
The Shadow Fiend hits you but does no damage. x2
The Shadow Fiend closely misses you.
You slice the Shadow Fiend!! Your kick misses the Shadow Fiend.
The Shadow Fiend is severely wounded.
The Shadow Fiend is struck by your spines.
The Shadow Fiend hits you but does no damage.
The Shadow Fiend hits you. The Shadow Fiend hits you! You partially resist.
You feel drained.
You slice the Shadow Fiend!!
You kill the Shadow Fiend!
Okawaru accepts your kill.
Your life force feels restored.
No target in view!
No target in view!
Drink which item? (? for menu, Esc to quit)
You feel very buoyant.
You fly up into the air.
There is a staircase leading out of the dungeon here.
You have escaped!

....((..........#........#.#
#.##.....#......#......#.#.#
#.#......#.###.#.#.#.#.#.#.#
#.#..##..#.##.#.#.#.#..#...#
#....)..##.###.#.#.#.#.##..#
#...[.........#.#.#.#..##..###
##.........###.≈≈≈≈≈.#.##....#
##.#######.##.#≈...≈#..##.##.#
##.# #.###.≈@..≈.#..>....#
##.#######.##.#≈...≈#..##.####
.............#.≈≈≈≈≈.#.##.#
.#....###.....#.#.#.#.....#
##.##...#....#.#.#.#.#..###
##.####.......#.#.#.#...# ##.#
###....#.#.#.#.#..######## .#.#
#..#...................##
.#.######..############..........


There were no monsters in sight!

Vanquished Creatures
  5 ancient liches
  Khufu (Crypt:3)
  A pandemonium lord (D:8)
  Mara (Crypt:3)
  Mennas (Crypt:3)
  A juggernaut (Depths:3)
  2 greater mummies (Crypt:3)
  Boris (Depths:2)
  Frederick (Crypt:2)
  Margery (Crypt:1)
  A caustic shrike (Depths:4)
  2 curse toes
  2 golden dragons
  10 bone dragons
  Xtahua (Crypt:3)
  A Brimstone Fiend (Depths:1)
  3 electric golems (Zot:5)
  9 tentacled monstrosities
  Rupert (Lair:3)
  A Hell Sentinel (Abyss:2)
  2 quicksilver dragons (Depths:4)
  2 deep elf master archers (Elf:3)
  28 Orb Guardians
  A deep elf blademaster (Elf:3)
  A Shadow Fiend (D:1)
  3 titans
  11 liches
  A sphinx (Depths:4)
  33 tentacled starspawn
  2 death cobs
  2 octopode crushers
  4 Executioners
  3 ancient champions
  4 tengu reavers
  3 storm dragons
  A thorn hunter (Abyss:3)
  2 shadow dragons
  A storm dragon (shapeshifter) (Abyss:2)
  9 greater nagas
  4 revenants
  Ilsuiw (Shoals:4)
  Wiglaf (Elf:3)
  6 fire giants
  5 frost giants
  Donald (Vaults:1)
  9 vault wardens
  An orc warlord (Orc:4)
  5 cacodemons
  3 draconian scorchers
  A draconian knight (Zot:2)
  2 angels
  Aizul (Crypt:1)
  15 deep elf sorcerers
  A juggernaut zombie (Depths:2)
  3 balrugs (Abyss:2)
  3 curse skulls (Crypt:1)
  A draconian shifter (Zot:2)
  6 ghouls
  2 caustic shrike zombies (Depths:2)
  2 draconian zealots
  3 vampire knights
  10 ironheart preservers
  4 war gargoyles (Crypt:3)
  3 reapers
  6 very ugly things
  2 spriggan defenders (Depths:3)
  A draconian annihilator (Zot:5)
  9 stone giants
  A draconian caller (Depths:5)
  An ophan (Abyss:1)
  A caustic shrike skeleton (Depths:2)
  4 green draconians
  4 lorocyprocas
  3 deep elf demonologists
  4 black draconians
  2 mottled draconians
  4 white draconians
  5 dire elephants (Lair:8)
  7 deep elf annihilators (Elf:3)
  A salamander stormcaller (Vaults:3)
  7 yellow draconians
  3 red draconians
  14 ettins
  A blizzard demon (Abyss:2)
  15 fire dragons
  5 eidola
  7 deep elf death magi
  5 merfolk javelineers
  3 green deaths
  3 crystal guardians (Crypt:3)
  3 jiangshi (Crypt:2)
  4 deep elf high priests
  A quicksilver dragon zombie (Depths:2)
  7 merfolk impalers
  7 vault guards
  13 ogre magi
  12 hydras
  2 ghost crabs (shapeshifter)
  A hydra (shapeshifter) (Vaults:3)
  A quicksilver dragon skeleton (Crypt:1)
  11 yaktaur captains
  The ghost of alpinistek the Frost Mage, a journeyman DsIE of Vehumet (Orc:2)
  11 great orbs of eyes
  Harold (Lair:1)
  18 rakshasas
  21 naga warriors
  7 ice dragons
  2 catoblepae
  3 spriggan air magi
  An entropy weaver (Depths:2)
  4 death knights
  8 deep troll shamans
  3 satyrs
  Erolcha (Orc:2)
  An alligator snapping turtle (Shoals:1)
  25 anacondas
  9 dancing weapons
  16 centaur warriors
  25 naga sharpshooters
  9 deep troll earth magi
  2 vampire magi
  3 merfolk aquamancers
  A storm dragon zombie (Abyss:3)
  A titan zombie (Crypt:3)
  8 sun demons
  7 tengu warriors
  8 shock serpents
  44 thrashing horrors
  7 soul eaters
  A fire crab (shapeshifter) (Depths:3)
  3 hell hogs (Abyss:2)
  10 deep elf knights
  3 orc high priests (Orc:4)
  43 wretched stars
  6 ice devils
  5 salamander mystics (Snake:4)
  2 titan skeletons
  29 hell knights
  18 deep trolls
  6 shadow wraiths
  7 fire crabs
  5 iron trolls
  A death drake (Abyss:1)
  24 skeletal warriors
  3 storm dragon skeletons
  A golden dragon zombie (Abyss:2)
  A shambling mangrove (Abyss:3)
  7 spatial maelstroms
  3 sea snakes
  An unseen horror (shapeshifter) (Depths:3)
  3 anaconda zombies
  3 unseen horrors
  5 flayed ghosts
  4 ice statues
  A swamp dragon (Abyss:2)
  An obsidian statue (Depths:3)
  4 giant orange brains
  A shadow demon (Abyss:2)
  A shadow dragon zombie (Depths:2)
  19 necromancers
  7 phantasmal warriors
  A golden dragon skeleton (Depths:2)
  4 lindwurms (Snake:4)
  13 naga ritualists
  18 deep elf summoners
  An orb spider (Abyss:3)
  10 ironbrand convokers
  7 orc knights
  13 deep elf conjurers
  8 hill giants
  A mana viper (shapeshifter) (Depths:5)
  4 wolf spiders
  A harpy (shapeshifter) (Vaults:2)
  5 harpies
  12 griffons
  9 worldbinders
  5 hornets
  A stone giant zombie (Depths:2)
  6 fauns (Shoals:4)
  2 fire giant zombies
  8 wolf spider zombies
  16 mana vipers
  3 manticores
  5 wizards
  60 ugly things
  A stone giant skeleton (Crypt:3)
  A frost giant zombie (Crypt:3)
  19 elephants
  11 orc sorcerers
  8 moths of wrath
  2 iron dragon skeletons
  8 cyclopes
  A toenail golem (Depths:4)
  24 vault sentinels
  A guardian serpent (shapeshifter) (Depths:1)
  3 fire giant skeletons
  3 moths of wrath (shapeshifter)
  7 water nymphs
  3 frost giant skeletons
  Maurice (D:10)
  11 apocalypse crabs
  9 salamanders
  A molten gargoyle (Lair:8)
  6 rust devils (Abyss:2)
  An elephant (shapeshifter) (Depths:3)
  14 guardian serpents
  11 sixfirhies
  54 black mambas
  28 naga magi
  2 octopodes (shapeshifter)
  A spriggan zombie (Depths:2)
  A storm dragon simulacrum (Abyss:2)
  4 gargoyles
  8 orange demons (Abyss:2)
  3 sirens
  10 spiny frogs
  A red draconian zombie (Crypt:1)
  2 spriggan skeletons (Depths:2)
  8 efreet
  7 komodo dragons
  2 yaktaurs (shapeshifter) (Vaults:3)
  34 smoke demons
  5 kobold demonologists
  4 hellions (Abyss:2)
  2 komodo dragons (shapeshifter) (Depths:3)
  A fire drake (shapeshifter) (Vaults:4)
  2 catoblepas skeletons
  40 yaktaurs
  8 blue devils
  A redback zombie (D:12)
  A black mamba (shapeshifter) (Depths:5)
  8 hellwings
  26 ancient zymes
  6 trolls
  A polar bear (Lair:4)
  A jumping spider (Vaults:4)
  A white draconian skeleton (Crypt:1)
  10 deep elf priests
  5 freezing wraiths
  A tormentor (D:8)
  3 wind drakes
  5 red devils
  4 tengu conjurers (Depths:3)
  2 wind drakes (shapeshifter)
  A merfolk (shapeshifter) (Depths:3)
  12 merfolk
  A raiju (shapeshifter) (Vaults:1)
  A wolf spider simulacrum (Abyss:2)
  An anaconda simulacrum (Abyss:1)
  A queen bee (D:10)
  29 slime creatures
  A hydra skeleton (Crypt:3)
  2 iron dragon simulacra (Abyss:2)
  A queen bee (shapeshifter) (Abyss:2)
  A slime creature (shapeshifter) (Depths:5)
  3 snapping turtles (Shoals:4)
  3 harpy skeletons (D:12)
  58 raiju
  4 boulder beetles
  An elf zombie (Depths:2)
  A two-headed ogre (shapeshifter) (Depths:3)
  A minotaur skeleton (Crypt:2)
  2 fire dragon zombies
  A hornet zombie (D:13)
  2 ice dragon zombies
  An ettin zombie (Abyss:3)
  A shapeshifter (Depths:2)
  75 small abominations
  A blink frog (shapeshifter) (Depths:3)
  12 blink frogs
  23 two-headed ogres
  4 bog bodies (Crypt:1)
  A spriggan (shapeshifter) (D:13)
  A fire giant simulacrum (Vaults:3)
  A human simulacrum (Vaults:2)
  5 shadows
  51 flying skulls
  26 ynoxinuls
  80 large abominations
  8 water elementals
  A hog (shapeshifter) (Elf:3)
  11 redbacks
  A basilisk (shapeshifter) (Abyss:2)
  A tarantella (shapeshifter) (Depths:3)
  5 vampires
  A spriggan (Depths:3)
  A fire dragon skeleton (Abyss:2)
  2 stone giant simulacra
  A black mamba skeleton (Crypt:3)
  An ice dragon skeleton (Abyss:2)
  4 golden eyes
  9 air elementals
  12 fire bats
  A wyvern (Lair:3)
  42 yaks
  23 deep elf magi
  2 tarantellas
  38 deep elf fighters
  17 wraiths
  A basilisk (D:9)
  18 chaos spawn
  15 vampire mosquitoes
  38 neqoxecs
  2 wargs
  2 fire elementals
  9 insubstantial wisps
  30 spatial vortices
  4 mottled dragons
  A naga (shapeshifter) (Abyss:2)
  15 wolves
  2 hungry ghosts
  15 water moccasins
  2 tengu zombies (Depths:2)
  9 hippogriffs
  2 humans
  46 orc warriors
  14 hell hounds
  79 nagas
  17 porcupines
  A hydra simulacrum (Abyss:2)
  2 black bears (shapeshifter)
  A wasp (shapeshifter) (Vaults:3)
  2 eyes of draining (shapeshifter)
  5 eyes of draining (Abyss:2)
  4 wasps
  A black bear (D:7)
  7 necrophages
  2 phantoms
  4 sky beasts
  An ice dragon simulacrum (Abyss:2)
  94 starcursed masses
  4 ice beasts
  19 crocodiles
  16 centaurs
  65 ogres
  A snapping turtle skeleton (Abyss:2)
  A hog skeleton (Crypt:1)
  A manticore skeleton (Crypt:1)
  2 brain worms
  Blork the orc (D:4)
  A fire crab zombie (Crypt:2)
  A vine stalker zombie (Crypt:2)
  4 earth elementals
  A draconian skeleton (Crypt:2)
  A wyvern zombie (D:9)
  3 big kobolds
  17 giant frogs
  2 scorpions
  A wyvern skeleton (D:14)
  A water moccasin zombie (D:5)
  50 killer bees
  8 wights
  2 electric eels (Lair:3)
  8 centaur zombies
  2 lava snakes (Lair:8)
  24 crimson imps
  3 giant frog zombies
  4 hounds
  45 orc priests
  16 quasits
  22 iron imps
  2 human zombies
  10 centaur skeletons
  3 iguanas
  5 jellies
  53 orc wizards
  A hell rat (Lair:4)
  An elf simulacrum (Vaults:3)
  A giant frog skeleton (D:12)
  12 worker ants
  A big kobold zombie (Ossuary)
  A sheep (shapeshifter) (Abyss:2)
  38 sheep
  A brain worm zombie (Crypt:1)
  A hound zombie (Crypt:1)
  An ogre skeleton (Crypt:3)
  A hound skeleton (D:4)
  10 mummies
  3 gnolls (D:4)
  10 adders
  68 river rats
  19 shadow imps
  43 white imps
  17 ufetubi
  An ooze (D:3)
  2 adder skeletons
  An adder zombie (D:7)
  A worm (D:5)
  212 orcs
  A ball python (D:2)
  2 giant cockroaches
  9 goblins
  10 hobgoblins
  13 jackals
  30 kobolds
  4 quokkas
  A ball python zombie (Crypt:1)
  7 bats
  4 giant geckos
  8 giant newts
  A giant newt skeleton (Crypt:2)
  2 goblin zombies (D:8)
  2 hobgoblin zombies (Ossuary)
  2 kobold zombies (Ossuary)
  An orc simulacrum (Abyss:2)
  An orc skeleton (Abyss:2)
  3 orc zombies (Ossuary)
  14 rats
  A crawling corpse (Elf:3)
  5 fungi
  A lost soul (Crypt:3)
  3 lurking horrors (Abyss:2)
  17 plants
  44 starspawn tentacles
  A starspawn tentacle segment (Abyss:2)
3635 creatures vanquished.

Vanquished Creatures (collateral kills)
  A hydra (Lair:1)
1 creature vanquished.

Vanquished Creatures (others)
  A tentacled starspawn (Abyss:2)
  A draconian knight (Zot:5)
  A draconian zealot (Depths:5)
  A salamander stormcaller (Vaults:4)
  A vault guard (Vaults:2)
  A merfolk aquamancer (Shoals:4)
  An ogre mage (D:15)
  A ball lightning (Depths:4)
  A deep elf knight (Vaults:2)
  An unseen horror (Vaults:1)
  A deep elf conjurer (Elf:1)
  A mana viper (Snake:4)
  2 ugly things (Vaults:2)
  A moth of wrath (Zot:5)
  A wind drake (Shoals:4)
  A dire elephant simulacrum (Abyss:2)
  A naga (Snake:4)
  A hell hound (Abyss:2)
  A small abomination (Abyss:2)
  3 white imps (IceCv)
  3 ufetubi (IceCv)
  12 fungi
  8 lost souls
  8 lurking horrors
  13 plants
  55 starspawn tentacles
  712 starspawn tentacle segments
834 creatures vanquished.

Grand Total: 4470 creatures vanquished

Notes
Turn   | Place    | Note
--------------------------------------------------------------
     0 | D:1      | ShouldBeStudying the Demonspawn Wanderer began the quest for the Orb.
     0 | D:1      | ShouldBeStudying set off with: a +2 hand axe, a scroll of teleportation, a potion of curing, a +0 robe, a bread ration
     0 | D:1      | Reached XP level 1. HP: 16/16 MP: 1/1
   244 | D:1      | Gained mutation: You have large cloven feet. [demonic ancestry]
   244 | D:1      | Reached XP level 2. HP: 17/23 MP: 2/2
   442 | D:1      | Reached skill level 3 in Fighting
   961 | D:2      | Gained mutation: You are partially covered in iridescent scales (AC +4). [demonic ancestry]
   961 | D:2      | Reached XP level 3. HP: 21/29 MP: 3/3
  1113 | D:2      | Found a glowing golden altar of the Shining One.
  1352 | D:2      | Reached skill level 4 in Fighting
  1623 | D:3      | Found a deep blue altar of Sif Muna.
  1623 | D:3      | Found a sacrificial altar of Ru.
  1693 | D:3      | Gained mutation: You are mostly covered in iridescent scales (AC +6). [demonic ancestry]
  1693 | D:3      | Reached XP level 4. HP: 33/37 MP: 4/4
  1745 | D:3      | Reached skill level 5 in Fighting
  1745 | D:3      | Gained mutation: You are completely covered in iridescent scales (AC +8). [demonic ancestry]
  1745 | D:3      | Reached XP level 5. HP: 23/44 MP: 5/5
  2234 | D:4      | Found Yvvosian's Antique Weapon Shoppe.
  2264 | D:4      | Reached XP level 6. HP: 51/51 MP: 6/6
  2336 | D:4      | Noticed Blork the orc
  2351 | D:4      | Killed Blork the orc
  2798 | D:4      | Found a staircase to the Ecumenical Temple.
  2807 | Temple   | Entered the Ecumenical Temple
  2815 | Temple   | Became a worshipper of Warmaster Okawaru
  2868 | D:5      | Entered Level 5 of the Dungeon
  2983 | D:5      | Found a snail-covered altar of Cheibriados.
  2992 | D:5      | Gained mutation: You are partially covered in sharp spines. [demonic ancestry]
  2992 | D:5      | Reached XP level 7. HP: 53/56 MP: 7/7
  3012 | D:5      | Reached skill level 5 in Axes
  3049 | D:5      | Gained mutation: You are weak. (Str -2) [potion of mutation]
  3049 | D:5      | Gained mutation: You are robust (+10% HP). [potion of mutation]
  3050 | D:5      | Gained mutation: You have a pair of small antennae on your head. [potion of mutation]
  3050 | D:5      | Lost mutation: You are weak. (Str -2) [potion of mutation]
  3050 | D:5      | Gained mutation: You are very robust (+20% HP). [potion of mutation]
  3156 | D:5      | Got a ruby-encrusted ring mail
  3167 | D:5      | Identified the +1 ring mail of Anaesthesia {Str+4} (You found it on level 5 of the Dungeon)
  3434 | D:5      | Found a shattered altar of Ashenzari.
  3444 | D:5      | Reached skill level 6 in Axes
  3448 | D:5      | Reached * piety under Okawaru
  3711 | D:6      | Found a sacrificial altar of Ru.
  3812 | D:6      | Reached skill level 7 in Axes
  3812 | D:6      | Reached XP level 8. HP: 75/75 MP: 8/8
  4427 | D:6      | Reached ** piety under Okawaru
  4427 | D:6      | Reached skill level 8 in Axes
  4598 | D:7      | Reached skill level 9 in Axes
  4763 | D:7      | Gained mutation: When hurt, damage is shared between your health and your magic reserves. [demonic ancestry]
  4763 | D:7      | Reached XP level 9. HP: 54/81 MP: 9/9
  4863 | D:7      | Reached skill level 10 in Axes
  5039 | D:7      | Reached *** piety under Okawaru
  5256 | D:7      | Reached skill level 11 in Axes
  5470 | D:8      | Found a white marble altar of Elyvilon.
  5512 | D:8      | Reached **** piety under Okawaru
  5542 | D:8      | Found a sand-covered staircase.
  5555 | Ossuary  | Entered an ossuary
  5751 | Ossuary  | Gained mutation: You are agile. (Dex +2) [potion of beneficial mutation]
  5778 | D:8      | Gained mutation: You can spit weak poison. [potion of mutation]
  5778 | D:8      | Gained mutation: Your system is resistant to poisons. [potion of mutation]
  5779 | D:8      | Gained mutation: Your body sometimes deteriorates upon taking damage. [potion of mutation]
  5779 | D:8      | Gained mutation: You tend to lose your temper in combat. [potion of mutation]
  5830 | D:8      | Reached skill level 12 in Axes
  5835 | D:8      | Reached XP level 10. HP: 86/88 MP: 8/10
  6165 | D:9      | Reached ***** piety under Okawaru
  6182 | D:9      | Reached skill level 13 in Axes
  6266 | D:9      | Found a staircase to the Lair.
  6301 | D:9      | Noticed a wolf spider
  6302 | D:9      | Noticed a centaur warrior
  6308 | D:9      | Killed a wolf spider
  6318 | D:9      | Killed a centaur warrior
  6318 | D:9      | Received a gift from Okawaru
  6319 | D:9      | Got a smoking ring mail {god gift}
  6322 | D:9      | Found a shadowy altar of Dithmenos.
  6322 | D:9      | Found a glowing silver altar of Zin.
  6325 | D:9      | Noticed a tengu warrior
  6400 | D:9      | Found a stormy altar of Qazlal.
  6570 | D:9      | Reached skill level 14 in Axes
  6607 | D:9      | Killed a tengu warrior
  6627 | D:9      | Gained mutation: You have hoof-like feet. [demonic ancestry]
  6627 | D:9      | Reached XP level 11. HP: 78/96 MP: 8/11
  6740 | D:9      | Found an ancient bone altar of Kikubaaqudgha.
  7011 | Lair:1   | Entered Level 1 of the Lair of Beasts
  7179 | Lair:1   | Noticed an eight-headed hydra
  7194 | Lair:1   | Killed an eight-headed hydra
  7412 | Lair:1   | Noticed Harold
  7429 | Lair:1   | Killed Harold
  7429 | Lair:1   | Reached skill level 15 in Axes
  7914 | Lair:2   | Received a gift from Okawaru
  8344 | Lair:2   | Lost mutation: Your body sometimes deteriorates upon taking damage. [potion of cure mutation]
  8344 | Lair:2   | Lost mutation: You are agile. (Dex +2) [potion of cure mutation]
  8344 | Lair:2   | Lost mutation: You tend to lose your temper in combat. [potion of cure mutation]
  8440 | Lair:3   | Noticed a six-headed hydra
  8447 | Lair:3   | Killed a ten-headed hydra
  8447 | Lair:3   | Reached ****** piety under Okawaru
  8448 | Lair:3   | Noticed Rupert
  8450 | Lair:3   | Cast into the Abyss (Rupert)
  8525 | Abyss:1  | Reached skill level 16 in Axes
  8547 | Abyss:1  | Noticed a great orb of eyes
  8556 | Abyss:1  | Killed a great orb of eyes
  8574 | Abyss:1  | Noticed a cacodemon
  8584 | Lair:3   | Escaped the Abyss
  8637 | Lair:3   | Gained mutation: You have hooves in place of feet. [demonic ancestry]
  8637 | Lair:3   | Reached XP level 12. HP: 77/103 MP: 10/12
  8763 | Lair:4   | Received a gift from Okawaru
  8869 | Lair:4   | Noticed a six-headed hydra
  8875 | Lair:4   | Killed an eight-headed hydra
  8904 | Lair:4   | Noticed an ice dragon
  8919 | Lair:4   | Killed an ice dragon
  8980 | Lair:4   | Reached skill level 17 in Axes
  9871 | Lair:5   | Found a staircase to the Shoals.
 10284 | Lair:5   | Found a staircase to the Snake Pit.
 10301 | Lair:5   | Reached skill level 18 in Axes
 10308 | Lair:5   | Received a gift from Okawaru
 10544 | Lair:5   | Gained mutation: You are mostly covered in sharp spines. [demonic ancestry]
 10544 | Lair:5   | Reached XP level 13. HP: 107/110 MP: 13/13
 11110 | Lair:6   | Identified a scroll of acquirement
 11113 | Lair:6   | Got a fine ivory ring
 11115 | Lair:6   | Identified the ring "Kihulao" {+Blink rF+ SInv Stlth-} (You acquired it on level 6 of the Lair of Beasts)
 11199 | Lair:6   | Found a staircase to the Slime Pits.
 12392 | Lair:7   | Received a gift from Okawaru
 13293 | Lair:8   | Entered Level 8 of the Lair of Beasts
 13298 | Lair:8   | Reached skill level 5 in Armour
 13324 | Lair:8   | Found a frozen archway.
 13350 | IceCv    | Entered an ice cave
 14087 | IceCv    | Reached skill level 19 in Axes
 14514 | IceCv    | Received a gift from Okawaru
 14516 | IceCv    | Got a silken robe {god gift}
 14547 | IceCv    | Got a brightly glowing demon trident
 14554 | IceCv    | Got a translucent falchion
 14555 | IceCv    | Identified the +7 demon trident of the Thirteen Beggars {freeze, Dex+5} (You found it in an ice cave)
 14909 | Lair:8   | Gained mutation: You regenerate magic rapidly. [demonic ancestry]
 14909 | Lair:8   | Reached XP level 14. HP: 116/126 MP: 14/14
 17271 | Lair:3   | Paralysed by Rupert for 7 turns
 17280 | Lair:3   | Cast into the Abyss (Rupert)
 17286 | Lair:3   | Escaped the Abyss
 17316 | Lair:3   | Received a gift from Okawaru
 17509 | Lair:3   | Paralysed by Rupert for 7 turns
 17519 | Lair:3   | Cast into the Abyss (Rupert)
 17519 | Abyss:1  | Found a corrupted altar of Lugonu.
 17763 | Abyss:1  | Noticed a tentacled starspawn
 17770 | Abyss:1  | Killed a tentacled starspawn
 17811 | Abyss:1  | Noticed a lich
 17818 | Abyss:1  | Noticed a tentacled starspawn
 17827 | Abyss:1  | Killed a lich
 17827 | Abyss:1  | Received a gift from Okawaru
 17830 | Abyss:1  | Killed a tentacled starspawn
 17830 | Abyss:1  | Reached skill level 10 in Fighting
 17899 | Abyss:1  | Noticed an angel
 17908 | Lair:3   | Escaped the Abyss
 17991 | D:10     | Entered Level 10 of the Dungeon
 17991 | D:10     | Noticed Maurice
 17999 | D:10     | Killed Maurice
 18134 | D:10     | Found a staircase to the Orcish Mines.
 18137 | D:10     | Found a roughly hewn altar of Beogh.
 18750 | Orc:1    | Entered Level 1 of the Orcish Mines
 18781 | Orc:1    | Found a roughly hewn altar of Beogh.
 19869 | Orc:4    | Entered Level 4 of the Orcish Mines
 19869 | Orc:4    | Found a radiant altar of Vehumet.
 19902 | Orc:4    | Found a staircase to the Elven Halls.
 20176 | Orc:4    | Gained mutation: You resist negative energy. [demonic ancestry]
 20176 | Orc:4    | Reached XP level 15. HP: 135/140 MP: 15/15
 20305 | Orc:4    | Reached skill level 10 in Armour
 20336 | Orc:4    | Received a gift from Okawaru
 20337 | Orc:4    | Got a pair of shimmering gloves {god gift}
 20348 | Orc:4    | Identified the +0 pair of gloves "Keocw" {+Blink SInv} (Okawaru gifted it to you on level 4 of the Orcish Mines)
 20416 | Orc:4    | Noticed an orc warlord
 20429 | Orc:4    | Killed an orc warlord
 20640 | Orc:4    | Found Zeogakk's General Store.
 20641 | Orc:4    | Found Renihox's Jewellery Shoppe.
 20642 | Orc:4    | Found Xik Obue's Antique Armour Shoppe.
 20642 | Orc:4    | Found Tuekluj's Antique Weapon Emporium.
 20683 | Orc:4    | Bought a smoking cloak for 218 gold pieces
 20693 | Orc:4    | Identified the cursed +0 cloak of the Salmon {rC+ Int+3 Dex-2} (You bought it in a shop on level 4 of the Orcish Mines)
 21048 | Orc:2    | Found Junaish's Armour Emporium.
 21190 | Orc:2    | Noticed alpinistek's ghost (journeyman DsIE)
 21197 | Orc:2    | Killed alpinistek's ghost
 21227 | Orc:2    | Noticed Erolcha
 21240 | Orc:2    | Killed Erolcha
 21570 | D:11     | Found Zeraurewn's Distillery.
 21574 | D:11     | Reached skill level 20 in Axes
 21760 | D:11     | Found an ancient bone altar of Kikubaaqudgha.
 21990 | D:12     | Found Yhani's Magic Scroll Boutique.
 22499 | D:12     | Received a gift from Okawaru
 22639 | D:12     | Noticed a bone dragon
 22666 | D:12     | Killed a bone dragon
 23474 | D:13     | Received a gift from Okawaru
 23497 | D:13     | Reached XP level 16. HP: 151/153 MP: 16/16
 23538 | D:13     | Found a gate to the Vaults.
 23643 | D:13     | Found Asa Ukao's Weapon Emporium.
 24725 | D:15     | Entered Level 15 of the Dungeon
 25026 | D:15     | Found a sacrificial altar of Ru.
 25445 | D:15     | Received a gift from Okawaru
 25452 | D:15     | Found a staircase to the Depths.
 25573 | D:15     | Found a roughly hewn altar of Beogh.
 26112 | Snake:1  | Entered Level 1 of the Snake Pit
 26324 | Snake:1  | Received a gift from Okawaru
 26555 | Snake:1  | Paralysed by a naga for 2 turns
 27044 | Snake:2  | Reached skill level 21 in Axes
 27330 | Snake:2  | Received a gift from Okawaru
 27330 | Snake:2  | Reached XP level 17. HP: 115/165 MP: 17/17
 27346 | Snake:2  | Got a crude battleaxe {god gift}
 27512 | Snake:2  | Identified the +9 battleaxe of Deomases {chop, *Noise rC++ MP+9} (Okawaru gifted it to you on level 2 of the Snake Pit)
 28146 | Snake:2  | Lost mutation: You can spit weak poison. [a Zot trap]
 28299 | Snake:2  | Reached skill level 1 in Invocations
 28470 | Snake:3  | Received a gift from Okawaru
 29101 | Snake:3  | Reached skill level 5 in Invocations
 29634 | Snake:4  | Entered Level 4 of the Snake Pit
 30258 | Snake:4  | Received a gift from Okawaru
 30818 | Snake:4  | Reached skill level 15 in Armour
 31340 | Snake:4  | Received a gift from Okawaru
 31794 | Snake:4  | Reached XP level 18. HP: 86/177 MP: 10/22
 32052 | Snake:4  | Reached skill level 15 in Fighting
 32365 | Snake:4  | Received a gift from Okawaru
 33111 | Snake:4  | Received a gift from Okawaru
 34067 | Snake:4  | Got a serpentine rune of Zot
 34667 | Vaults:1 | Entered Level 1 of the Vaults
 34756 | Vaults:1 | Reached skill level 22 in Axes
 35061 | Vaults:1 | Noticed Donald
 35085 | Vaults:1 | Killed Donald
 35085 | Vaults:1 | Received a gift from Okawaru
 35881 | Vaults:1 | Reached XP level 19. HP: 188/188 MP: 23/23
 36311 | Vaults:2 | Received a gift from Okawaru
 36360 | Vaults:2 | Found a bloodstained altar of Trog.
 36917 | Vaults:1 | Received a gift from Okawaru
 37608 | Vaults:2 | Found a staircase to the Crypt.
 38557 | Vaults:3 | Received a gift from Okawaru
 38606 | Vaults:3 | Noticed an ancient lich
 38929 | Vaults:3 | Killed an ancient lich
 39493 | Vaults:3 | Reached XP level 20. HP: 201/201 MP: 24/24
 40017 | Vaults:3 | Paralysed by a great orb of eyes for 3 turns
 40285 | Vaults:4 | Received a gift from Okawaru
 40300 | Vaults:4 | Cast into the Abyss (a deep elf sorcerer)
 40307 | Abyss:1  | Found an ancient bone altar of Kikubaaqudgha.
 40569 | Abyss:1  | Noticed a tentacled starspawn
 40577 | Abyss:1  | Killed a tentacled starspawn
 40884 | Vaults:4 | Escaped the Abyss
 40974 | Vaults:4 | Reached skill level 23 in Axes
 41713 | Vaults:4 | Received a gift from Okawaru
 41733 | Vaults:4 | Got a distressingly furry plate armour {god gift}
 41771 | Vaults:4 | Identified the +1 plate armour of the Enchanted Forest {+Fly Str+7} (Okawaru gifted it to you on level 4 of the Vaults)
 42294 | Vaults:4 | Found Laenk's Magic Scroll Boutique.
 42797 | Crypt:1  | Entered Level 1 of the Crypt
 42875 | Crypt:1  | Noticed Aizul
 42889 | Crypt:1  | Killed Aizul
 42903 | Crypt:1  | Killed the ghostly Aizul
 43275 | Crypt:1  | Noticed Margery
 43285 | Crypt:1  | Cast into the Abyss (hell knight)
 43285 | Abyss:1  | Found a corrupted altar of Lugonu.
 43304 | Abyss:1  | Gained mutation: You have a pair of antennae on your head. [potion of beneficial mutation]
 43502 | Abyss:1  | Reached XP level 21. HP: 110/213 MP: 23/25
 43555 | Abyss:1  | Paralysed by an orc sorcerer for 2 turns
 43708 | Abyss:1  | Received a gift from Okawaru
 44216 | Crypt:1  | Escaped the Abyss
 44231 | Crypt:1  | Killed Margery
 44664 | Orc:4    | Bought the +9 armour of the Dragon King {rPois rF+ rC+ MR+} for 2870 gold pieces
 46065 | Crypt:2  | Noticed Frederick
 46077 | Crypt:2  | Killed Frederick
 46077 | Crypt:2  | Received a gift from Okawaru
 46195 | Crypt:3  | Entered Level 3 of the Crypt
 46399 | Crypt:3  | Reached skill level 24 in Axes
 46549 | Crypt:3  | Noticed a greater mummy
 46550 | Crypt:3  | Noticed a greater mummy
 46570 | Crypt:3  | Noticed Khufu
 46619 | Crypt:3  | Killed a greater mummy
 47098 | Crypt:3  | Killed Khufu
 47099 | Crypt:3  | Killed a greater mummy
 47227 | Crypt:3  | Found a staircase to the Tomb.
 47273 | Crypt:3  | Received a gift from Okawaru
 47276 | Crypt:3  | Noticed Mennas
 47311 | Crypt:3  | Killed Mennas
 47311 | Crypt:3  | Reached XP level 22. HP: 177/224 MP: 23/26
 47321 | Crypt:3  | Found an ancient bone altar of Kikubaaqudgha.
 47321 | Crypt:3  | Noticed an ancient lich
 47329 | Crypt:3  | Noticed Mara
 47344 | Crypt:3  | Killed an ancient lich
 47346 | Crypt:3  | Noticed ShouldBeStudying's illusion
 47424 | Crypt:3  | Noticed Xtahua
 47436 | Crypt:3  | Killed Xtahua
 47880 | Crypt:3  | Reached skill level 25 in Axes
 47998 | Crypt:3  | Killed Mara
 48105 | Crypt:3  | Received a gift from Okawaru
 48627 | Elf:1    | Entered Level 1 of the Elven Halls
 49983 | Elf:2    | Found Meoqi's Jewellery Shoppe.
 49983 | Elf:2    | Found a runed gate.
 49984 | Elf:2    | Found a runed gate.
 49985 | Elf:2    | Found a runed gate.
 50534 | Elf:3    | Entered Level 3 of the Elven Halls
 50695 | Elf:3    | Noticed Wiglaf
 50703 | Elf:3    | Killed Wiglaf
 50718 | Elf:3    | Found a gateway to a bazaar.
 50733 | Bazaar   | Entered a bazaar
 50733 | Bazaar   | Found Vicen's Antique Weapon Shop.
 50733 | Bazaar   | Found Myzarphae's Antique Armour Shop.
 50733 | Bazaar   | Found Zeugarel's Distillery.
 50735 | Bazaar   | Found Othobryh's Antique Weapon Shoppe.
 50742 | Bazaar   | Bought a runed cloak for 94 gold pieces
 51066 | Elf:3    | Received a gift from Okawaru
 51317 | Elf:3    | Reached skill level 26 in Axes
 51862 | Elf:3    | Identified a +4 rod of destruction (10/10) (You took it off a deep elf high priest on level 3 of the Elven Halls)
 52011 | Elf:3    | Reached XP level 23. HP: 232/232 MP: 27/27
 52014 | Elf:3    | Got a coiled bronze ring
 52142 | Elf:3    | Identified the ring "Nak Ipna" {Ice MP+9} (You took it off a deep elf blademaster on level 3 of the Elven Halls)
 52164 | Elf:3    | Got a faintly glowing lajatang
 52165 | Elf:3    | Identified the +10 lajatang "Waucom" {slice, Int+3} (You found it on level 3 of the Elven Halls)
 52607 | Shoals:1 | Entered Level 1 of the Shoals
 52706 | Shoals:2 | Found a sacrificial altar of Ru.
 52788 | Shoals:2 | Found a radiant altar of Vehumet.
 52918 | Shoals:4 | Entered Level 4 of the Shoals
 53438 | Shoals:4 | Noticed Ilsuiw
 53471 | Shoals:4 | Received a gift from Okawaru
 53474 | Shoals:4 | Killed Ilsuiw
 54071 | Shoals:4 | Got a barnacled rune of Zot
 54313 | Lair:3   | Killed Rupert
 54667 | Depths:1 | Entered Level 1 of the Depths
 54817 | Depths:1 | Found a one-way gate leading to the halls of Pandemonium.
 55328 | Depths:1 | Received a gift from Okawaru
 55329 | Depths:1 | Got a pitted hat {god gift}
 55340 | Depths:1 | Identified the +0 hat "Daubuf" {rN+ Int+3 Dex+3} (Okawaru gifted it to you on level 1 of the Depths)
 55364 | Depths:1 | Found a gateway to Hell.
 56266 | Depths:2 | Noticed Boris
 56463 | Depths:2 | Killed Boris
 57196 | Depths:2 | Gained mutation: When low on magic, you restore magic in place of health. [demonic ancestry]
 57196 | Depths:2 | Reached XP level 24. HP: 200/244 MP: 27/27
 57276 | Depths:2 | Found a portal to a secret trove of treasure.
 57695 | Depths:3 | Received a gift from Okawaru
 58014 | Depths:3 | Noticed a juggernaut
 58036 | Depths:3 | Killed a juggernaut
 59097 | Depths:3 | Identified the Collected Works on Ashen Moulding
 59101 | Depths:3 | Got a warped lead ring
 59102 | Depths:3 | Identified the ring of the Wild Haggis {rPois rN++ Str+5 Int-5} (You found it on level 3 of the Depths)
 59530 | Depths:3 | Received a gift from Okawaru
 59691 | Depths:4 | Found a gateway to a ziggurat.
 59777 | Depths:4 | Found a one-way gate to the infinite horrors of the Abyss.
 59972 | Depths:4 | Found an opulent altar of Gozag.
 60412 | Depths:4 | HP: 10/249 [caustic shrike (4)]
 60412 | Depths:4 | HP: 2/249 [acid (8)]
 60751 | Depths:4 | Received a gift from Okawaru
 60752 | Depths:4 | Got an encrusted battleaxe {god gift}
 60753 | Depths:4 | Identified the +8 battleaxe of Deformation {chop, rC- Str+3 Int+6} (Okawaru gifted it to you on level 4 of the Depths)
 61030 | Depths:4 | Got a faintly glowing golden amulet
 61032 | Depths:4 | Identified the amulet "Sojymm" {Ward rPois rN+ MR+ Stlth+} (You took it off a frost giant on level 4 of the Depths)
 61215 | Depths:4 | Voluntarily entered the Abyss.
 61505 | Abyss:2  | Gained mutation: You are somewhat able to resist unholy torments (1 in 2 success). [demonic ancestry]
 61505 | Abyss:2  | Reached XP level 25. HP: 191/259 MP: 26/27
 61521 | Abyss:2  | Paralysed by you for 5 turns
 62360 | Abyss:2  | Found a corrupted altar of Lugonu.
 62366 | Abyss:2  | Received a gift from Okawaru
 62687 | Abyss:2  | Found a corrupted altar of Lugonu.
 62759 | Abyss:2  | Upgraded the game from 0.17-a0-2127-g1cb09f6 to 0.17-a0-2144-gd7f430c
 63195 | Abyss:2  | Found a corrupted altar of Lugonu.
 63761 | Abyss:2  | Lost mutation: You are very robust (+20% HP). [a neqoxec]
 65392 | Abyss:2  | Gained mutation: Your melee attacks may debilitate your foes. [demonic ancestry]
 65392 | Abyss:2  | Reached XP level 26. HP: 247/251 MP: 27/27
 65466 | Abyss:2  | Found a corrupted altar of Lugonu.
 65477 | Abyss:2  | Found a corrupted altar of Lugonu.
 65829 | Abyss:2  | Found a corrupted altar of Lugonu.
 65859 | Abyss:2  | Found a corrupted altar of Lugonu.
 66433 | Abyss:2  | Paralysed by accursed screaming for 1 turns
 67408 | Abyss:2  | Found a corrupted altar of Lugonu.
 67502 | Abyss:2  | Paralysed by accursed screaming for 1 turns
 67820 | Abyss:2  | Received a gift from Okawaru
 68007 | Abyss:2  | Found a corrupted altar of Lugonu.
 68606 | Abyss:2  | Gained mutation: You are weak. (Str -2) [a neqoxec]
 68909 | Abyss:2  | Found a shimmering altar of Xom.
 69084 | Abyss:3  | Paralysed by accursed screaming for 1 turns
 69136 | Abyss:3  | Gained mutation: You are completely covered in sharp spines. [demonic ancestry]
 69136 | Abyss:3  | Reached XP level 27. HP: 157/264 MP: 24/27
 70115 | Abyss:3  | Found a corrupted altar of Lugonu.
 70239 | Abyss:3  | Found a corrupted altar of Lugonu.
 70398 | Abyss:3  | Received a gift from Okawaru
 70604 | Abyss:3  | Found a corrupted altar of Lugonu.
 70909 | Abyss:3  | Got an abyssal rune of Zot
 71005 | Depths:4 | Escaped the Abyss
 71341 | Depths:4 | Got a scorched crystal amulet
 71342 | Depths:4 | Identified the amulet "Umnain" {Stasis *Confuse +Inv rF+} (You took it off a tengu reaver on level 4 of the Depths)
 71349 | Depths:5 | Entered Level 5 of the Depths
 71626 | Depths:5 | Found a gate to the Realm of Zot.
 71828 | Depths:5 | Lost mutation: You are weak. (Str -2) [potion of cure mutation]
 71828 | Depths:5 | Lost mutation: You are robust (+10% HP). [potion of cure mutation]
 71828 | Depths:5 | Lost mutation: Your system is resistant to poisons. [potion of cure mutation]
 71828 | Depths:5 | Lost mutation: You have a pair of antennae on your head. [potion of cure mutation]
 71829 | Depths:5 | Lost mutation: You have a pair of small antennae on your head. [potion of cure mutation]
 71831 | Zot:1    | Entered Level 1 of the Realm of Zot
 72394 | Zot:5    | Entered Level 5 of the Realm of Zot
 72624 | Zot:5    | Received a gift from Okawaru
 73086 | Zot:5    | Noticed an ancient lich
 73092 | Zot:5    | Killed an ancient lich
 73744 | Zot:5    | Noticed an ancient lich
 73751 | Zot:5    | Killed an ancient lich
 73766 | Zot:5    | Noticed an ancient lich
 73775 | Zot:5    | Killed an ancient lich
 73775 | Zot:5    | Received a gift from Okawaru
 74585 | Zot:5    | Got the Orb of Zot
 74638 | Zot:5    | Noticed Muopt the pandemonium lord
 74869 | Zot:1    | Noticed an orb of fire
 75100 | Depths:1 | Gained mutation: Armour fits poorly on your strangely shaped body. [a cacodemon]
 75112 | Depths:1 | Reached skill level 27 in Fighting
 75134 | Depths:1 | Noticed a seraph
 75191 | D:15     | Noticed Uweozos the pandemonium lord
 75434 | D:12     | Noticed Eppaucy the pandemonium lord
 75533 | D:8      | Noticed Iri Hymi the pandemonium lord
 75536 | D:8      | Received a gift from Okawaru
 75540 | D:8      | Killed Iri Hymi the pandemonium lord
 75817 | D:$      | Escaped with the Orb!

Vault maps used:
D:1:      ncdulo_watergridlock
D:2:      lemuel_coloured_pillars_altar, first_bread
D:3:      grunt_temple_overflow_open, hex_large, st_stairs_10
D:4:      lemuel_temple_firewalk_marked, serial_shops,
          nicolae_shop_competitors_out_of_business, uniq_blork_the_orc
D:5:      lemuel_crystal_altar, slow_altar_1, minmay_crystal_water
D:6:      hangedman_ru_absence
D:7:      grunt_livestock
D:8:      elyvilon_altar_1, enter_ossuary_4
D:9:      grunt_qazlal_sundering, minmay_lair_entry_grove, basic_altar,
          jmf_multi_god_temple
D:10:     minmay_orc_entry_temple_small, special_room, st_stairs_9, uniq_maurice
D:11:     serial_shops, shop, basic_altar
D:12:     minmay_tri_box, serial_shops, shop_statue,
          minmay_guarded_unrand_zonguldrok
D:13:     grunt_vaults_entry_fortified, serial_shops, shop
D:14:     wad_floor_pattern_untrapped
D:15:     grunt_enter_depths_magical_seal, basic_altar, serial_park_tiny_1,
          special_room, kennysheep_four_rooms
Temple:   circular_temple_12
Lair:1:   uniq_harold
Lair:2:   lemuel_fruit_tree
Lair:3:   serial_bayou_shore_a, uniq_rupert
Lair:4:   kennysheep_abandoned_house, bobbens_ice_dragon_lair
Lair:5:   elwin_shoals_entry_rocks, dummy_snake_entry, grunt_megastairs_1
Lair:6:   minmay_slime_entry_oklob_open
Lair:8:   due_jungle_book, portal_ice_cave_entry_imps
Shoals:2: hangedman_feature_mirror
Shoals:3: st_shoals_ruin
Shoals:4: shoals_end_grunt_ice, shoal_ilsuiw, hangedman_shoal_octodias
Snake:1:  nicolae_snake_single_loop, guppyfry_library_mini, grunt_megastairs_4,
          serial_bayou_shore_b
Snake:2:  grunt_megastairs_2
Snake:3:  spider_trap
Snake:4:  snake_pit_salamanders_mu
Orc:1:    basic_altar
Orc:2:    lemuel_ogre_cave, serial_shops, shop, statue_in_the_mist_lemuel,
          nicolae_orc_pool_cavern
Orc:4:    st_orc_congregation, basic_altar
Elf:1:    eino_elf_arrival_customs, hangedman_corner_corridor
Elf:2:    serial_shops, shop
Elf:3:    minmay_elf_hall_dome, serial_shops, statue_bzr, uniq_wiglaf
Vaults:1: vaults_room_grunt_arrival_ludios, vaults_dpeg_spiral,
          dpeg_vaults_monster_row, nicolae_vaults_little_squares_6, v_rooms_5,
          hangedman_vaults_trim, vaults_room_pools, v_misc_27,
          ontoclasm_vaults_tryst, vaults_room_door_hall,
          nicolae_vaults_little_ls, vaults_dpeg_encased_lava,
          nicolae_vaults_gold_heap, ontoclasm_vaults_ring_square, uniq_donald
Vaults:2: v_alt_pattern_5, vaults_dpeg_diagonal,
          nicolae_vaults_branching_niches, vaults_room_large_hall,
          nicolae_vaults_little_squares_6, ontoclasm_vaults_eye,
          blue_anna_dwarven_crypt, hangedman_vaults_locks,
          nicolae_vaults_little_squares_3, ontoclasm_vaults_chip,
          nicolae_vaults_diagonal_hallway_6, basic_altar
Vaults:3: hangedman_vaults_nodes, hangedman_vaults_stagger,
          nicolae_vaults_twisting_passages, v_misc_3, vaults_standard_mumra_x,
          vaults_room_corners, vaults_room_semicircle, grunt_vaults_diagonal,
          v_alt_pattern_4, vaults_mumra_chevron, ontoclasm_vaults_gallery,
          v_alt_pattern_4, v_misc_22, nicolae_vaults_theta
Vaults:4: kb_rosetta, nicolae_vaults_puzzle_piece, grunt_vaults_swirl,
          nicolae_vaults_little_squares_5, vaults_room_fours, v_misc_14,
          v_misc_15, grunt_vaults_focal, nicolae_vaults_asterisk,
          nicolae_vaults_mini_display_case, vaults_room_door_ring,
          ontoclasm_vaults_loading_screen, serial_shops, nicolae_shop_waterfront
Crypt:1:  uniq_aizul, uniq_margery
Crypt:2:  uniq_frederick
Crypt:3:  cryptofortress_bobbens, uniq_khufu, uniq_xtahua, uniq_mara,
          uniq_mennas
Depths:1: grunt_metal_band, minmay_strange_pillars, pan_entry,
          roderic_lattice_a, minmay_liquid_box, onia_ninara_cookie
Depths:2: hangedman_screamer, abyss_entry_crystal, minmay_misc_feat_diagonals,
          nicolae_trove_entry_crystal, hell_entry
Depths:3: vault_1, hex_medium, pan_entry, hangedman_coc_ice_floe,
          minmay_staircase_windowed_small
Depths:4: minmay_stepped, enter_ziggurat_e, lemuel_round_altar, hell_entry,
          abyss_entry, minmay_misc_feat_nine_boxes, minmay_statues_item,
          aerie_lemuel
Depths:5: grunt_zot_entry_hairpin, pf_hell_entry_tar_spiral, uniq_boris
Abyss:1:  evilmike_abyss_exit_16, minivault_26
Bazaar:   bazaar_minmay_generic_island
Ossuary:  ossuary_tomb_3
IceCv:    ice_cave_small_demon

Action                   |  1- 3 |  4- 6 |  7- 9 | 10-12 | 13-15 | 16-18 | 19-21 | 22-24 | 25-27 || total
-------------------------+-------+-------+-------+-------+-------+-------+-------+-------+-------++-------
Melee: Hand axe          |   117 |   192 |   389 |   172 |       |       |       |       |       ||   870
       War axe           |       |       |       |   144 |       |       |       |       |       ||   144
       Executioner's axe |       |       |       |   238 |  1278 |  1024 |  1503 |  1685 |  2591 ||  8319
       Battleaxe         |       |       |       |       |       |   195 |       |       |       ||   195
Invok: Heroism           |       |       |     1 |     4 |     7 |     5 |    10 |     7 |       ||    34
       Finesse           |       |       |       |       |       |       |     2 |     1 |       ||     3
Evoke: Lamp of fire      |       |       |       |     1 |     1 |       |       |       |     1 ||     3
       Wand              |       |       |       |       |    10 |       |       |     7 |     1 ||    18
  Use: Potion            |     2 |     5 |     6 |     5 |    10 |    11 |    11 |     6 |    12 ||    68
       Scroll            |       |       |    16 |     4 |    22 |    11 |    18 |    17 |    17 ||   105
 Stab: Sleeping          |     2 |       |       |       |       |       |       |       |       ||     2
       Distracted        |       |       |       |       |     1 |       |     1 |     2 |       ||     4
       Invisible         |       |       |       |       |       |       |     1 |       |     5 ||     6
       Petrifying        |       |       |       |       |       |       |     1 |       |       ||     1
  Eat: Chunk             |     3 |     5 |    11 |    12 |    21 |     7 |     7 |    10 |       ||    76
       Bread ration      |       |       |       |     2 |     5 |     7 |     1 |       |       ||    15
       Royal jelly       |       |       |       |     1 |     1 |       |       |       |       ||     2
       Meat ration       |       |       |       |       |       |     1 |     7 |     7 |    13 ||    28
       Fruit             |       |       |       |       |       |       |       |     1 |       ||     1
       Pizza             |       |       |       |       |       |       |       |       |     1 ||     1
